 Dungeon Crawl Stone Soup version 0.27.1 (webtiles) character file.

Game seed: 5464576861740810757

2382 ZARRMARR the Insei (level 9, -1/74 HPs)
             Began as a Gnoll Monk on Aug 25, 2021.
             Slain by Maggie (5 damage)
             ... on level 6 of the Dungeon.
             The game lasted 00:31:37 (8604 turns).

ZARRMARR the Insei (Gnoll Monk)                     Turns: 8604, Time: 00:31:38

Health: -1/74      AC:  4    Str: 14    XL:     9   Next: 45%
Magic:  9/15       EV: 16    Int:  9    God:
Gold:   586        SH:  0    Dex: 15    Spells: 15/16 levels left

rFire    . . .     SeeInvis .     - Unarmed
rCold    . . .     Faith    .   (no shield)
rNeg     . . .     Spirit   .   a - +0 robe
rPois    .         Reflect  .   (no helmet)
rElec    .         Harm     .   l - +1 cloak
rCorr    .         Rampage  .   (no gloves)
Will     .....                  (no boots)
Stlth    +++.......             q - amulet of regeneration
HPRegen  1.22/turn              (no ring)
MPRegen  0.14/turn              (no ring)

@: mesmerised, hasted, studying Crossbows, very quick
A: fangs 1, strong nose, distributed training
a: no special abilities


You were on level 6 of the Dungeon.
You visited 1 branch of the dungeon, and saw 6 of its levels.
You also visited: Ossuary.

You collected 586 gold pieces.

Inventory:

Hand Weapons
 k - a +4 quarterstaff of chaos
Missiles
 n - 44 bolts
 v - 3 boomerangs of dispersal
 w - 2 silver javelins (quivered)
Armour
 a - a +0 robe (worn)
 c - a scarf of invisibility
 l - a +1 cloak (worn)
 p - a +4 ring mail
Magical Staves
 o - a staff of death
Jewellery
 b - an amulet of the acrobat
 q - an amulet of regeneration (around neck)
Wands
 j - a wand of polymorph (8)
 r - a wand of flame (6)
 x - a wand of iceblast (10)
Scrolls
 d - 2 scrolls of teleportation
 f - 2 scrolls of amnesia
 s - a scroll of summoning {unknown}
 u - a scroll of fog {unknown}
 y - a scroll of identify
Potions
 e - 2 potions of curing {unknown}
 g - a potion of flight {unknown}
 h - a potion of might {unknown}
 i - a potion of heal wounds {unknown}
 m - a potion of lignification {unknown}


   Skills:
 + Level 7.9 Fighting
 + Level 4.2 Short Blades
 + Level 4.2 Long Blades
 + Level 4.2 Axes
 + Level 4.2 Maces & Flails
 + Level 4.2 Polearms
 + Level 4.2 Staves
 + Level 4.2 Slings
 + Level 4.2 Bows
 + Level 6.1 Crossbows
 + Level 4.2 Throwing
 + Level 4.2 Armour
 + Level 7.9 Dodging
 + Level 6.0 Stealth
 + Level 4.2 Shields
 + Level 7.9 Unarmed Combat
 + Level 4.2 Spellcasting
 + Level 3.5 Conjurations
 + Level 3.5 Hexes
 + Level 3.5 Summonings
 + Level 3.5 Necromancy
 + Level 3.5 Translocations
 + Level 3.5 Transmutations
 + Level 3.5 Fire Magic
 + Level 3.5 Ice Magic
 + Level 3.5 Air Magic
 + Level 3.5 Earth Magic
 + Level 3.5 Poison Magic
 + Level 4.7 Invocations
 + Level 4.2 Evocations


You had 15 spell levels left.
You knew the following spells:

 Your Spells              Type           Power      Damage    Failure   Level
a - Magic Dart            Conj           32%        1d4       6%          1

Your spell library contained the following spells:

 Spells                   Type           Power      Damage    Failure   Level
 Searing Ray              Conj           16%        3d3       10%         2
 Slow                     Hex            8%         N/A       10%         2
 Static Discharge         Conj/Air       8%         N/A       10%         2
 Confusing Touch          Hex            8%         N/A       19%         3
 Dispel Undead            Necr           8%         3d8       54%         4
 Fulminant Prism          Conj/Hex       4%         3d6       54%         4
 Hailstorm                Conj/Ice       8%         3d4       54%         4
 Ice Form                 Ice/Tmut       8%         N/A       54%         4
 Sticky Flame             Conj/Fire      8%         2d3       54%         4
 Yara's Violent Unravell  Hex/Tmut       4%         3d4       87%         5
 Simulacrum               Ice/Necr       4%         N/A       100%        6


Dungeon Overview and Level Annotations

Branches:
Dungeon (6/15)            Ossuary (visited)
 Temple: D:4-7

Altars:
Vehumet

Shops:
D:1 [   D:2 *   D:3 ?*   D:4 [

Annotations:
D:5 2 transporters, DunceCap's ghost, amateur HuSu
D:6 Maggie


Innate Abilities, Weirdness & Mutations

You have very sharp teeth.
Your uncanny sense of smell can sniff out nearby items.
Your experience applies equally to all skills.


Message History

Maggie hits you with a +1 scimitar of flaming.
Maggie burns you.
You hit Maggie.
Maggie is heavily wounded.
Maggie gestures at you while chanting. The bolt of fire hits you!
* * * LOW HITPOINT WARNING * * *
Your magical contamination has completely faded away.
You barely miss Maggie.
Maggie is heavily wounded.
Maggie casts a spell.
Maggie draws you further into her thrall.
You closely miss Maggie.
Maggie is heavily wounded.
You feel yourself speed up. Maggie barely misses you.
You hit Maggie.
Maggie is heavily wounded.
Maggie hits you with a +1 scimitar of flaming!
* * * LOW HITPOINT WARNING * * *
Maggie burns you.
* * * LOW HITPOINT WARNING * * *
You closely miss Maggie. Your bite misses Maggie.
Maggie is heavily wounded.
Maggie misses you.
You hit Maggie.
Maggie is heavily wounded.
You punch Maggie!
Maggie is severely wounded.
Maggie barely misses you.
You punch Maggie!
Maggie is almost dead.
You barely miss Maggie.
Maggie is almost dead.
Maggie barely misses you.
You barely miss Maggie.
Maggie is almost dead.
Maggie hits you with a +1 scimitar of flaming!
* * * LOW HITPOINT WARNING * * *
Maggie burns you.
You die...

........# ........#
####.....############
....................#
....................####
#.#.....................
....#.....###.......^)..
.#.....#.# #...........
.....#.@#.# #...........
._.#...@#.# #...........
.....#..#.# #...........
#.#.....#.# #...........
....#.....# #...........
#.# .....## #...........
.. .....# #...........
.....## ############


You could see Maggie (mesmerising).

Vanquished Creatures
  Pikel (D:4)
  Grinder (D:6)
  Sigmund (D:6)
  Eustachio (D:6)
  A steam dragon (D:6)
  A water moccasin (D:6)
  2 ice beasts (D:6)
  A black bear (D:4)
  A necrophage (D:6)
  An ogre (D:5)
  An elf zombie (Ossuary)
  2 bullfrog zombies (D:5)
  A centaur zombie (Ossuary)
  A human zombie (Ossuary)
  2 hounds
  2 jellies
  Crazy Yiuf (D:2)
  An orc priest (D:6)
  Jessica (D:2)
  Ijyb (D:5)
  Natasha (thrice) (D:2)
  4 orc wizards (D:6)
  A hound skeleton (D:3)
  2 mummies (Ossuary)
  A howler monkey skeleton (D:6)
  4 adders
  3 ufetubi
  2 worms
  15 orcs
  6 endoplasms
  4 giant cockroaches
  4 gnoll zombies (Ossuary)
  12 goblins
  5 hobgoblins
  7 jackals
  A quokka (D:1)
  6 ball pythons
  5 bats
  6 frilled lizards
  5 goblin zombies (Ossuary)
  2 hobgoblin zombies (Ossuary)
  6 kobolds
  7 rats
  A rat zombie (D:6)
  A bush (D:2)
137 creatures vanquished.

Vanquished Creatures (others)
  A fungus (D:2)
  6 plants (D:2)
7 creatures vanquished.

Grand Total: 144 creatures vanquished

Notes
Turn   | Place    | Note
-------+----------+-------------------------------------------
     0 | D:1      | ZARRMARR the Gnoll Monk began the quest for the Orb.
     0 | D:1      | Reached XP level 1. HP: 23/23 MP: 1/1
    50 | D:1      | Reached XP level 2. HP: 13/29 MP: 2/2
   247 | D:1      | Found Igoqyeco's Antique Armour Shoppe.
   512 | D:1      | Reached XP level 3. HP: 35/35 MP: 3/3
   715 | D:1      | Identified a scroll of acquirement
   716 | D:1      | Acquired a manual of Crossbows
   941 | D:2      | Found Siwnihuf's Assorted Antiques.
   999 | D:2      | Reached skill level 1 in Crossbows
   999 | D:2      | Reached skill level 1 in Invocations
  1082 | D:2      | Reached skill level 1 in Short Blades
  1082 | D:2      | Reached skill level 1 in Long Blades
  1082 | D:2      | Reached skill level 1 in Axes
  1082 | D:2      | Reached skill level 1 in Maces & Flails
  1082 | D:2      | Reached skill level 1 in Polearms
  1082 | D:2      | Reached skill level 1 in Staves
  1082 | D:2      | Reached skill level 1 in Slings
  1082 | D:2      | Reached skill level 1 in Bows
  1082 | D:2      | Reached skill level 1 in Throwing
  1082 | D:2      | Reached skill level 1 in Armour
  1082 | D:2      | Reached skill level 1 in Shields
  1082 | D:2      | Reached skill level 1 in Spellcasting
  1082 | D:2      | Reached skill level 1 in Evocations
  1358 | D:2      | Reached XP level 4. HP: 41/41 MP: 5/5
  1502 | D:2      | Noticed Natasha
  1509 | D:2      | Killed Natasha
  1588 | D:2      | Reached skill level 1 in Conjurations
  1588 | D:2      | Reached skill level 1 in Hexes
  1588 | D:2      | Reached skill level 1 in Summonings
  1588 | D:2      | Reached skill level 1 in Necromancy
  1588 | D:2      | Reached skill level 1 in Translocations
  1588 | D:2      | Reached skill level 1 in Transmutations
  1588 | D:2      | Reached skill level 1 in Fire Magic
  1588 | D:2      | Reached skill level 1 in Ice Magic
  1588 | D:2      | Reached skill level 1 in Air Magic
  1588 | D:2      | Reached skill level 1 in Earth Magic
  1588 | D:2      | Reached skill level 1 in Poison Magic
  1588 | D:2      | Noticed Jessica
  1592 | D:2      | Killed Jessica
  1701 | D:2      | Found a faded altar of an unknown god.
  1709 | D:2      | Reached XP level 5. HP: 47/47 MP: 6/6
  2010 | D:2      | Found a runed translucent door.
  2011 | D:2      | Noticed Crazy Yiuf
  2457 | D:2      | Killed Crazy Yiuf
  2560 | D:2      | Noticed Natasha
  2579 | D:2      | Killed Natasha
  2613 | D:2      | Noticed Natasha
  2617 | D:2      | Killed Natasha
  3234 | D:3      | Found Ykhuenia's Magic Scroll Shoppe.
  3324 | D:3      | Reached XP level 6. HP: 40/53 MP: 8/8
  3591 | D:3      | Found Cofralo's General Store.
  3978 | D:4      | Noticed a black bear
  3989 | D:4      | Killed a black bear
  4345 | D:4      | Found Buffot's Armour Boutique.
  4987 | D:5      | Entered Level 5 of the Dungeon
  4990 | D:5      | Noticed Pikel
  5388 | D:4      | Killed Pikel
  5389 | D:4      | Reached skill level 5 in Stealth
  5389 | D:4      | Reached XP level 7. HP: 26/60 MP: 9/11
  5482 | D:4      | Found Buffot's Armour Boutique.
  5909 | D:5      | Noticed Ijyb
  5924 | D:5      | Killed Ijyb
  5975 | D:5      | Reached XP level 8. HP: 46/67 MP: 12/12
  6045 | D:5      | Found a transporter.
  6049 | D:5      | Noticed DunceCap's ghost (amateur HuSu)
  6501 | D:5      | Found a transporter.
  6749 | D:5      | Learned a level 1 spell: Magic Dart
  6771 | D:6      | Noticed Eustachio
  6772 | D:6      | Found a sand-covered staircase.
  6797 | Ossuary  | Entered an ossuary
  7787 | D:6      | Noticed Grinder
  7809 | D:6      | Paralysed by Grinder for 2 turns
  7815 | D:6      | Killed Grinder
  7816 | D:6      | Reached skill level 5 in Crossbows
  8008 | D:6      | Reached XP level 9. HP: 63/73 MP: 6/14
  8302 | D:6      | Noticed Sigmund
  8331 | D:6      | Killed Sigmund
  8471 | D:6      | Found a radiant altar of Vehumet.
  8514 | D:6      | Killed Eustachio
  8579 | D:6      | Noticed Maggie
  8604 | D:6      | Slain by Maggie

Illustrated notes

Levels and vault maps discovered:
D:1:      scummos_arrival_gate, layout_rooms, serial_shops, shop
D:2:      layout_basic, serial_forest, infiniplex_forest_lined_3,
          infiniplex_forest_lined_room_2, infiniplex_forest_straight_4,
          infiniplex_forest_lined_1, infiniplex_forest_clump_small,
          infiniplex_forest_clump_small, infiniplex_forest_clump_double,
          infiniplex_forest_clump_curved, infiniplex_forest_end_2,
          dreamdust_ecumenical_altar_grove, serial_shops,
          nicolae_shop_behind_doors, uniq_jessica, uniq_natasha,
          uniq_crazy_yiuf_cottage
D:3:      layout_basic, serial_shops, shop, nicolae_lakefront_shop,
          palyth_stone_intersect, feat_on_display
D:4:      layout_basic, serial_shops, nicolae_shop_stone
D:5:      layout_basic, gammafunk_ghost_stat_death, uniq_pikel, uniq_ijyb
D:6:      layout_basic, nicolae_vehumet_radiance, enter_ossuary_3,
          kennysheep_crisscross, uniq_grinder, uniq_sigmund, uniq_eustachio,
          uniq_maggie

Skill      XL: |  1  2  3  4  5  6  7  8  9 |
---------------+----------------------------+-----
Crossbows      | 1 2 3 4 5 6 |  6.1
Invocations    | 1 3 4 |  4.7
Short Blades   | 1 2 3 4 |  4.2
Long Blades    | 1 2 3 4 |  4.2
Axes           | 1 2 3 4 |  4.2
Maces & Flails | 1 2 3 4 |  4.2
Polearms       | 1 2 3 4 |  4.2
Staves         | 1 2 3 4 |  4.2
Slings         | 1 2 3 4 |  4.2
Bows           | 1 2 3 4 |  4.2
Throwing       | 1 2 3 4 |  4.2
Armour         | 1 2 3 4 |  4.2
Shields        | 1 2 3 4 |  4.2
Spellcasting   | 1 2 3 4 |  4.2
Evocations     | 1 2 3 4 |  4.2
Conjurations   | 1 2 3 |  3.5
Hexes          | 1 2 3 |  3.5
Summonings     | 1 2 3 |  3.5
Necromancy     | 1 2 3 |  3.5
Translocations | 1 2 3 |  3.5
Transmutations | 1 2 3 |  3.5
Fire Magic     | 1 2 3 |  3.5
Ice Magic      | 1 2 3 |  3.5
Air Magic      | 1 2 3 |  3.5
Earth Magic    | 1 2 3 |  3.5
Poison Magic   | 1 2 3 |  3.5
Fighting       | 7 |  7.9
Dodging        | 7 |  7.9
Stealth        | 5 6 |  6.0
Unarmed Combat | 7 |  7.9

Action                   |  1- 3 |  4- 6 |  7- 9 || total
-------------------------+-------+-------+-------++-------
Melee: Unarmed           |    94 |   227 |   314 ||   635
       Bite              |     7 |    25 |    28 ||    60
       Punch             |     2 |     4 |     8 ||    14
Throw: Javelin           |       |       |     1 ||     1
 Cast: Magic Dart        |       |       |   113 ||   113
 Abil: Evoke Invisibilit |       |     1 |       ||     1
Evoke: Wand              |       |       |     2 ||     2
  Use: Scroll            |     4 |     3 |     1 ||     8
       Potion            |       |     1 |     3 ||     4
 Stab: Sleeping          |     7 |     5 |     2 ||    14
       Invisible         |       |     1 |       ||     1
Armor: Robe              |    13 |    12 |    57 ||    82
Dodge: Dodged            |    88 |    88 |   200 ||   376
